Kings vs Oilers

Created - October-17-14 at 17:46

Goals
1 2 3 T
Kings 2 1 1 4
Oilers 3 1 3 7
Shots
1 2 3 T
Kings 11 6 8 25
Oilers 12 13 13 38

1st period

1. Oilers , Dennis Wideman 2 (Travis Zajac, Nikita Kucherov) at 2:32
2. Oilers , Dainius Zubrus 1 (Charlie Coyle, Jake Muzzin) at 7:44
3. Kings , Mikael Granlund 5 (Dustin Penner, Kris Letang) at 15:32 (PP)
4. Kings , Mike Richards 3 (Ryan Nugent-Hopkins) at 17:37 (PP)
5. Oilers , Charlie Coyle 1 (Dennis Wideman, Jake Muzzin) at 19:13

Penalties :
Mats Zuccarello (EDM) for Hooking (Minor) at 15:18, Jake Muzzin (EDM) for Roughing (Minor) at 15:53

2nd period

6. Kings , Mike Richards 4 (Jamie McBain, Ryan Nugent-Hopkins) at 13:01
7. Oilers , Dennis Wideman 3 (Mats Zuccarello, Jake Muzzin) at 16:51 (PP)

Penalties :
Deryk Engelland (LOS) for Elbowing (Minor) at 10:26, Rene Bourque (LOS) for Holding (Minor) at 16:27, Robyn Regehr (LOS) for Tripping (Minor) at 18:51

3rd period

8. Oilers , Olli Maatta 3 (Martin Marincin, Dennis Wideman) at 1:00
9. Oilers , Brooks Laich 2 (Dainius Zubrus, Marc Methot) at 3:31 (PP)
10. Kings , Tyler Myers 1 (Mikael Granlund, Kris Letang) at 13:09 (PP)
11. Oilers , Dainius Zubrus 2 (Jake Muzzin, Dennis Wideman) at 14:25

Penalties :
Rene Bourque (LOS) for Holding Stick (Minor) at 1:59, Marc Methot (EDM) for Hooking (Minor) at 12:41, Jake Muzzin (EDM) for High sticking (Minor) at 17:26

Goalie Stats

Steve Mason (LOS), 31 saves from 38 shots - (0.816), L, 2-3-0, 60:00 minutes
Kari Lehtonen (EDM), 21 saves from 25 shots - (0.840), W, 2-2-0, 60:00 minutes

Players Stats for Kings

Player Name              G  A  P  +/- PIM S  H  SB GA TA FO     MP     PP MP  PK MP  
------------------------------------------------------------------------------------
Brian Gionta             0  0  0  -1  0   1  0  0  0  0  1/1    18:18   0:00   4:23 
Deryk Engelland          0  0  0   0  2   0  1  0  0  0  0/0    13:41   0:00   0:58 
Dustin Penner            0  1  1   0  0   2  3  0  0  0  0/1    12:36   2:02   0:00 
J.T. Brown               0  0  0  -3  0   2  1  0  0  0  0/0     5:24   0:00   0:00 
Jamie McBain             0  1  1   0  0   3  0  0  0  0  0/0    13:48   0:49   0:15 
Kris Letang              0  2  2  -3  0   1  1  1  0  0  0/0    26:59   3:36   3:12 
Michal Handzus           0  0  0  -3  0   1  0  0  0  0  9/23   10:10   0:00   4:46 
Mikael Granlund          1  1  2  -1  0   4  1  0  0  0  15/23  17:19   3:24   0:00 
Mike Richards            2  0  2   0  0   3  1  0  0  0  0/0    22:11   2:23   0:00 
Mikhail Grabovski        0  0  0   0  0   1  0  0  0  0  4/14   11:42   0:00   1:08 
Nate Thompson            0  0  0  -3  0   0  1  1  0  0  0/0     5:24   0:00   0:00 
Rene Bourque             0  0  0  -1  4   2  1  0  0  0  0/0    15:45   1:52   0:00 
Robyn Regehr             0  0  0  -1  2   0  6  3  0  0  0/0    18:35   0:00   1:50 
Ryan Nugent-Hopkins      0  2  2   0  0   0  2  0  0  0  15/32  23:19   2:23   1:08 
Ryan Smyth               0  0  0   0  0   0  0  0  0  0  1/1    12:00   1:03   0:23 
Sean Monahan             0  0  0   0  0   1  0  0  0  0  0/3    22:39   2:51   0:00 
Tobias Enstrom           0  0  0  -3  0   0  0  2  0  0  0/0    21:52   0:00   2:51 
Tyler Myers              1  0  1  -1  0   4  7  1  0  0  0/0    22:20   1:42   2:42 

Players Stats for Oilers

Player Name              G  A  P  +/- PIM S  H  SB GA TA FO     MP     PP MP  PK MP  
------------------------------------------------------------------------------------
Aleksander Barkov        0  0  0   1  0   1  0  0  0  0  6/15   11:55   0:00   0:00 
Brian Campbell           0  0  0   0  0   1  0  2  0  0  0/0    25:47   2:33   1:32 
Brooks Laich             1  0  1   2  0   3  4  0  0  0  5/8    22:30   2:34   2:12 
Charlie Coyle            1  1  2   2  0   4  3  0  0  0  2/2    20:18   2:34   0:00 
Colin McDonald           0  0  0   1  0   1  0  0  0  0  1/1     4:07   0:00   0:00 
Dainius Zubrus           2  1  3   2  0   5  2  1  0  0  20/35  20:18   2:34   0:00 
Dennis Wideman           2  3  5   4  0   5  0  0  0  0  0/0    21:11   3:21   2:53 
Drew Miller              0  0  0   1  0   0  0  0  0  0  0/2    13:41   0:00   1:58 
Emerson Etem             0  0  0   0  0   0  0  0  0  0  0/0     0:00   0:00   0:00 
Jake Muzzin              0  4  4   4  4   2  6  0  0  0  0/0    18:52   3:21   0:36 
Marc Methot              0  1  1   0  2   2  2  1  0  0  0/0    25:54   2:33   1:40 
Martin Marincin          0  1  1   0  0   2  1  1  0  0  0/0    15:11   0:00   2:09 
Mats Zuccarello          0  1  1   0  2   3  1  0  0  0  0/1    21:39   3:20   2:13 
Mikkel Boedker           0  0  0   0  0   2  3  0  0  0  1/2    19:27   3:20   0:00 
Nikita Kucherov          0  1  1   1  0   0  0  0  0  0  0/1     4:07   0:00   0:00 
Nikolai Kulemin          0  0  0   1  0   3  1  0  0  0  0/0    11:43   0:00   0:00 
Olli Maatta              1  0  1   0  0   2  1  2  0  0  0/0    13:02   0:00   0:00 
Travis Zajac             0  1  1   1  0   2  1  0  0  0  18/31  25:49   3:20   2:27 

3 Stars

1 - Dennis Wideman (EDM)
2 - Dainius Zubrus (EDM)
3 - Jake Muzzin (EDM)

Power Play

Kings - 3 on 4 Attempt(s) - 75.00%
Oilers - 2 on 4 Attempt(s) - 50.00%

Penalty Kill

Kings - 2 on 4 Attempt(s) - 50.00% - Score 0 goal in Penalty Kill
Oilers - 1 on 4 Attempt(s) - 25.00% - Score 0 goal in Penalty Kill

Official

Referees : Stephen Walkom and Trevor Hanson
Linesman : Tony Sericolo and Lonnie Cameron

Game Notes

No Game Note

Finance

Level 1 -- Attendance: 6500 (100.00%) -- Ticket Income $617,500
Level 2 -- Attendance: 3676 (73.52%) -- Ticket Income $294,080
Level 3 -- Attendance: 1794 (51.26%) -- Ticket Income $139,932
Level 4 -- Attendance: 839 (100.00%) -- Ticket Income $64,603
Luxury Box -- Attendance: 700 (70.00%) -- Ticket Income $168,000
Game was played at the Rexall Place
Total Attendance: 13509 (80.22%)
Total Ticket Income: $1,284,115
Other Income: $192,617
Total Income: $1,476,732

% Time on Ice - Kings

Lines # - Real PCT - Wanted PCT - Time Play
Normal Forward
1 - 40% - 40% - 19:48
2 - 28% - 30% - 13:55
3 - 21% - 20% - 10:34
4 - 11% - 10% - 5:24
Normal Defense
1 - 35% - 40% - 17:16
2 - 34% - 30% - 16:46
3 - 26% - 20% - 12:44
4 - 6% - 10% - 2:55
PP Forward
1 - 54% - 60% - 2:23
2 - 46% - 40% - 2:02
PP Defense
1 - 62% - 60% - 2:43
2 - 38% - 40% - 1:42
PK Forward
1 - 81% - 60% - 4:46
2 - 19% - 40% - 1:08
PK Defense
1 - 54% - 60% - 3:12
2 - 46% - 40% - 2:42
PK3 Forward
1 - 0% - 60%
2 - 0% - 40%
PK3 Defense
1 - 0% - 60%
2 - 0% - 40%
44 Forward
1 - 0% - 60%
2 - 0% - 40%
44 Defense
1 - 0% - 60%
2 - 0% - 40%
Last Minute Offensive  - 0:00
Last Minute Defensive  - 0:00
Total
Forward - 60:00
Defense - 60:00

% Time on Ice - Oilers

Lines # - Real PCT - Wanted PCT - Time Play
Normal Forward
1 - 32% - 35% - 16:07
2 - 36% - 35% - 17:44
3 - 24% - 20% - 11:43
4 - 8% - 10% - 4:07
Normal Defense
1 - 39% - 40% - 19:11
2 - 30% - 30% - 14:57
3 - 26% - 20% - 13:02
4 - 5% - 10% - 2:31
PP Forward
1 - 56% - 50% - 3:20
2 - 44% - 50% - 2:34
PP Defense
1 - 43% - 60% - 2:33
2 - 57% - 40% - 3:21
PK Forward
1 - 55% - 50% - 2:27
2 - 45% - 50% - 1:58
PK Defense
1 - 35% - 50% - 1:32
2 - 65% - 50% - 2:53
PK3 Forward
1 - 0% - 60%
2 - 0% - 40%
PK3 Defense
1 - 0% - 60%
2 - 0% - 40%
44 Forward
1 - 0% - 60%
2 - 0% - 40%
44 Defense
1 - 0% - 60%
2 - 0% - 40%
Last Minute Offensive  - 0:00
Last Minute Defensive  - 0:00
Total
Forward - 60:00
Defense - 60:00

Play by Play

1st period


0:01 of 1st period - Ryan Nugent-Hopkins wins face-off versus Travis Zajac in neutral zone.
0:36 of 1st period - Icing by Tyler Myers.
0:37 of 1st period - Ryan Nugent-Hopkins wins face-off versus Dainius Zubrus in Kings zone.
0:52 of 1st period - Ryan Nugent-Hopkins is hit by Jake Muzzin and loses puck.
0:55 of 1st period - Shot by Sean Monahan.
0:55 of 1st period - Stopped by Kari Lehtonen without a rebound.
0:56 of 1st period - Mikael Granlund wins face-off versus Drew Miller in Oilers zone.
0:57 of 1st period - Shot by Brian Gionta.
0:57 of 1st period - Shot Misses the Net.
0:59 of 1st period - Shot by Brian Gionta.
0:59 of 1st period - Deflect By Rene Bourque.
0:59 of 1st period - Shot Misses the Net.
1:09 of 1st period - Shot by Robyn Regehr.
1:09 of 1st period - Shot Misses the Net.
1:23 of 1st period - Shot by Rene Bourque.
1:23 of 1st period - Stopped by Kari Lehtonen without a rebound.
1:24 of 1st period - Charlie Coyle wins face-off versus Mikhail Grabovski in Oilers zone.
2:01 of 1st period - Shot by Brooks Laich.
2:01 of 1st period - Stopped by Steve Mason without a rebound.
2:02 of 1st period - Travis Zajac wins face-off versus Michal Handzus in Kings zone.
2:30 of 1st period - Shot by Travis Zajac.
2:30 of 1st period - Shot Blocked by Kris Letang.
2:32 of 1st period - Shot by Dennis Wideman.
2:32 of 1st period - Goal by Dennis Wideman - Kings : 0 - Oilers : 1.
2:33 of 1st period - Mikael Granlund wins face-off versus Aleksander Barkov in neutral zone.
2:40 of 1st period - Shot by Rene Bourque.
2:40 of 1st period - Shot Misses the Net.
3:00 of 1st period - Icing by Marc Methot.
3:01 of 1st period - Aleksander Barkov wins face-off versus Ryan Nugent-Hopkins in Oilers zone.
3:06 of 1st period - Ryan Nugent-Hopkins is hit by Nikolai Kulemin and loses puck.
3:13 of 1st period - Marc Methot is hit by Mike Richards and loses puck.
3:27 of 1st period - Icing by Marc Methot.
3:28 of 1st period - Mikael Granlund wins face-off versus Aleksander Barkov in Oilers zone.
3:31 of 1st period - Shot by Rene Bourque.
3:31 of 1st period - Shot Misses the Net.
3:33 of 1st period - Shot by Mikael Granlund.
3:33 of 1st period - Stopped by Kari Lehtonen without a rebound.
3:34 of 1st period - Mikhail Grabovski wins face-off versus Travis Zajac in Oilers zone.
3:34 of 1st period - Mikhail Grabovski is hit by Martin Marincin.
3:42 of 1st period - Shot by Dustin Penner.
3:42 of 1st period - Shot Blocked by Olli Maatta.
3:55 of 1st period - Icing by Mats Zuccarello.
3:56 of 1st period - Travis Zajac wins face-off versus Ryan Nugent-Hopkins in Oilers zone.
4:08 of 1st period - Icing by Kris Letang.
4:09 of 1st period - Charlie Coyle wins face-off versus Ryan Nugent-Hopkins in Kings zone.
4:09 of 1st period - Dainius Zubrus is hit by Tyler Myers and loses puck.
4:16 of 1st period - Shot by Charlie Coyle.
4:16 of 1st period - Shot Misses the Net.
4:39 of 1st period - Mike Richards is hit by Jake Muzzin and loses puck.
4:56 of 1st period - Tyler Myers is hit by Charlie Coyle and loses puck.
6:23 of 1st period - Shot by Martin Marincin.
6:23 of 1st period - Shot Misses the Net.
6:37 of 1st period - Shot by Aleksander Barkov.
6:37 of 1st period - Stopped by Steve Mason without a rebound.
6:38 of 1st period - Dainius Zubrus wins face-off versus Mikhail Grabovski in Kings zone.
6:38 of 1st period - Dainius Zubrus is hit by Robyn Regehr.
6:49 of 1st period - Tobias Enstrom is hit by Jake Muzzin and loses puck.
7:06 of 1st period - Shot by Dennis Wideman.
7:06 of 1st period - Stopped by Steve Mason without a rebound.
7:07 of 1st period - Travis Zajac wins face-off versus Michal Handzus in Kings zone.
7:07 of 1st period - Brian Campbell is hit by Tyler Myers and loses puck.
7:23 of 1st period - Mikkel Boedker is hit by Kris Letang.
7:32 of 1st period - Icing by Michal Handzus.
7:33 of 1st period - Dainius Zubrus wins face-off versus Michal Handzus in Kings zone.
7:33 of 1st period - Brooks Laich is hit by Tyler Myers and loses puck.
7:38 of 1st period - Shot by Charlie Coyle.
7:38 of 1st period - Shot Misses the Net.
7:40 of 1st period - Shot by Jake Muzzin.
7:40 of 1st period - Shot Misses the Net.
7:42 of 1st period - Shot by Charlie Coyle.
7:42 of 1st period - Shot Blocked by Nate Thompson.
7:44 of 1st period - Shot by Dainius Zubrus.
7:44 of 1st period - Goal by Dainius Zubrus - Kings : 0 - Oilers : 2.
7:45 of 1st period - Ryan Nugent-Hopkins wins face-off versus Nikita Kucherov in neutral zone.
8:03 of 1st period - Icing by Tobias Enstrom.
8:04 of 1st period - Ryan Nugent-Hopkins wins face-off versus Dainius Zubrus in Kings zone.
9:06 of 1st period - Shot by Travis Zajac.
9:06 of 1st period - Deflect By Mats Zuccarello.
9:06 of 1st period - Stopped by Steve Mason without a rebound.
9:07 of 1st period - Mikael Granlund wins face-off versus Mikkel Boedker in Kings zone.
9:46 of 1st period - Shot by Mikael Granlund.
9:46 of 1st period - Shot Misses the Net.
10:24 of 1st period - Shot by Aleksander Barkov.
10:24 of 1st period - Shot Misses the Net.
10:26 of 1st period - Shot by Nikolai Kulemin.
10:26 of 1st period - Stopped by Steve Mason without a rebound.
10:27 of 1st period - Dainius Zubrus wins face-off versus Mikhail Grabovski in Kings zone.
10:48 of 1st period - Jake Muzzin is hit by Dustin Penner and loses puck.
11:06 of 1st period - Jamie McBain is hit by Charlie Coyle and loses puck.
11:40 of 1st period - Shot by Colin McDonald.
11:40 of 1st period - Stopped by Steve Mason without a rebound.
11:41 of 1st period - Michal Handzus wins face-off versus Aleksander Barkov in Kings zone.
12:46 of 1st period - Tyler Myers is hit by Mikkel Boedker.
13:04 of 1st period - Shot by Travis Zajac.
13:04 of 1st period - Stopped by Steve Mason with a rebound.
13:33 of 1st period - Kris Letang is hit by Brooks Laich and loses puck.
13:37 of 1st period - Off-side.
13:38 of 1st period - Mikael Granlund wins face-off versus Dainius Zubrus in neutral zone.
13:38 of 1st period - Jamie McBain is hit by Dainius Zubrus and loses puck.
13:42 of 1st period - Brian Gionta is hit by Charlie Coyle and loses puck.
13:46 of 1st period - Off-side.
13:47 of 1st period - Aleksander Barkov wins face-off versus Mikhail Grabovski in neutral zone.
14:51 of 1st period - Icing by Brian Campbell.
14:52 of 1st period - Aleksander Barkov wins face-off versus Ryan Nugent-Hopkins in Oilers zone.
14:56 of 1st period - Brian Campbell is hit by Tyler Myers and loses puck.
15:18 of 1st period - Minor Penalty to Mats Zuccarello for Hooking.
15:19 of 1st period - Travis Zajac wins face-off versus Sean Monahan in Oilers zone.
15:28 of 1st period - Shot by Kris Letang.
15:28 of 1st period - Shot Misses the Net.
15:30 of 1st period - Shot by Dustin Penner.
15:30 of 1st period - Shot Misses the Net.
15:32 of 1st period - Shot by Mikael Granlund.
15:32 of 1st period - Goal by Mikael Granlund - Kings : 1 - Oilers : 2.
15:33 of 1st period - Michal Handzus wins face-off versus Travis Zajac in neutral zone.
15:40 of 1st period - Shot by J.T. Brown.
15:40 of 1st period - Stopped by Kari Lehtonen without a rebound.
15:41 of 1st period - Mikael Granlund wins face-off versus Dainius Zubrus in Oilers zone.
15:47 of 1st period - Icing by Brooks Laich.
15:48 of 1st period - Ryan Nugent-Hopkins wins face-off versus Dainius Zubrus in Oilers zone.
15:52 of 1st period - Mike Richards is hit by Jake Muzzin and loses puck.
15:53 of 1st period - Minor Penalty to Jake Muzzin for Roughing.
15:54 of 1st period - Travis Zajac wins face-off versus Ryan Nugent-Hopkins in Oilers zone.
16:26 of 1st period - Shot by Mikael Granlund.
16:26 of 1st period - Stopped by Kari Lehtonen without a rebound.
16:27 of 1st period - Mikael Granlund wins face-off versus Drew Miller in Oilers zone.
16:57 of 1st period - Shot by Tyler Myers.
16:57 of 1st period - Stopped by Kari Lehtonen without a rebound.
16:58 of 1st period - Travis Zajac wins face-off versus Ryan Nugent-Hopkins in Oilers zone.
17:19 of 1st period - Shot by Kris Letang.
17:19 of 1st period - Stopped by Kari Lehtonen without a rebound.
17:20 of 1st period - Brooks Laich wins face-off versus Sean Monahan in Oilers zone.
17:33 of 1st period - Shot by Jamie McBain.
17:33 of 1st period - Stopped by Kari Lehtonen without a rebound.
17:34 of 1st period - Ryan Nugent-Hopkins wins face-off versus Brooks Laich in Oilers zone.
17:37 of 1st period - Shot by Mike Richards.
17:37 of 1st period - Goal by Mike Richards - Kings : 2 - Oilers : 2.
17:38 of 1st period - Travis Zajac wins face-off versus Mikhail Grabovski in neutral zone.
17:48 of 1st period - Icing by Brian Campbell.
17:49 of 1st period - Travis Zajac wins face-off versus Ryan Nugent-Hopkins in Oilers zone.
18:21 of 1st period - Shot by Mikkel Boedker.
18:21 of 1st period - Shot Misses the Net.
18:23 of 1st period - Shot by Marc Methot.
18:23 of 1st period - Stopped by Steve Mason without a rebound.
18:24 of 1st period - Dainius Zubrus wins face-off versus Mikael Granlund in Kings zone.
18:27 of 1st period - Shot by Charlie Coyle.
18:27 of 1st period - Stopped by Steve Mason without a rebound.
18:28 of 1st period - Mikael Granlund wins face-off versus Dainius Zubrus in Kings zone.
18:58 of 1st period - Mikael Granlund is hit by Jake Muzzin and loses puck.
19:13 of 1st period - Shot by Charlie Coyle.
19:13 of 1st period - Goal by Charlie Coyle - Kings : 2 - Oilers : 3.
19:14 of 1st period - Ryan Nugent-Hopkins wins face-off versus Travis Zajac in neutral zone.
19:50 of 1st period - Shot by Sean Monahan.
19:50 of 1st period - Shot Misses the Net.
19:52 of 1st period - Shot by Jamie McBain.
19:52 of 1st period - Stopped by Kari Lehtonen without a rebound.
19:53 of 1st period - Aleksander Barkov wins face-off versus Mikhail Grabovski in Oilers zone.
19:57 of 1st period - Off-side.
19:58 of 1st period - Dainius Zubrus wins face-off versus Mikael Granlund in neutral zone.
Goals for this period are 2 for Kings vs 3 for Oilers.
Shots for this period are 11 for Kings vs 12 for Oilers.

2nd period


0:01 of 2nd period - Dainius Zubrus wins face-off versus Ryan Nugent-Hopkins in neutral zone.
0:23 of 2nd period - Shot by Ryan Nugent-Hopkins.
0:23 of 2nd period - Shot Blocked by Brian Campbell.
0:25 of 2nd period - Shot by Tyler Myers.
0:25 of 2nd period - Stopped by Kari Lehtonen without a rebound.
0:26 of 2nd period - Travis Zajac wins face-off versus Mikael Granlund in Oilers zone.
0:28 of 2nd period - Icing by Mats Zuccarello.
0:29 of 2nd period - Travis Zajac wins face-off versus Mikael Granlund in Oilers zone.
0:29 of 2nd period - Travis Zajac is hit by Mikael Granlund.
0:42 of 2nd period - Mats Zuccarello is hit by Robyn Regehr and loses puck.
4:36 of 2nd period - Icing by Tyler Myers.
4:37 of 2nd period - Dainius Zubrus wins face-off versus Ryan Nugent-Hopkins in Kings zone.
4:40 of 2nd period - Shot by Charlie Coyle.
4:40 of 2nd period - Deflect By Dainius Zubrus.
4:40 of 2nd period - Shot Hit the Post.
4:43 of 2nd period - Icing by Tyler Myers.
4:44 of 2nd period - Dainius Zubrus wins face-off versus Ryan Nugent-Hopkins in Kings zone.
4:57 of 2nd period - Shot by Brooks Laich.
4:57 of 2nd period - Shot Misses the Net.
5:07 of 2nd period - Shot by Charlie Coyle.
5:07 of 2nd period - Stopped by Steve Mason with a rebound.
5:09 of 2nd period - Shot by Olli Maatta.
5:09 of 2nd period - Stopped by Steve Mason without a rebound.
5:10 of 2nd period - Travis Zajac wins face-off versus Mikhail Grabovski in Kings zone.
5:29 of 2nd period - Shot by Mikkel Boedker.
5:29 of 2nd period - Deflect By Travis Zajac.
5:29 of 2nd period - Stopped by Steve Mason without a rebound.
5:30 of 2nd period - Brian Gionta wins face-off versus Dainius Zubrus in Kings zone.
5:30 of 2nd period - Brian Gionta is hit by Brooks Laich.
5:54 of 2nd period - Mikael Granlund is hit by Brooks Laich and loses puck.
6:07 of 2nd period - Shot by Brian Gionta.
6:07 of 2nd period - Deflect By Rene Bourque.
6:07 of 2nd period - Stopped by Kari Lehtonen without a rebound.
6:08 of 2nd period - Mikhail Grabovski wins face-off versus Travis Zajac in Oilers zone.
6:21 of 2nd period - Shot by Dustin Penner.
6:21 of 2nd period - Shot Misses the Net.
7:11 of 2nd period - Shot by Aleksander Barkov.
7:11 of 2nd period - Shot Misses the Net.
7:13 of 2nd period - Shot by Martin Marincin.
7:13 of 2nd period - Stopped by Steve Mason without a rebound.
7:14 of 2nd period - Dainius Zubrus wins face-off versus Mikael Granlund in Kings zone.
7:17 of 2nd period - Shot by Charlie Coyle.
7:17 of 2nd period - Shot Misses the Net.
8:46 of 2nd period - Shot by Olli Maatta.
8:46 of 2nd period - Shot Misses the Net.
9:53 of 2nd period - Icing by Mats Zuccarello.
9:54 of 2nd period - Ryan Nugent-Hopkins wins face-off versus Travis Zajac in Oilers zone.
10:04 of 2nd period - Ryan Nugent-Hopkins is hit by Marc Methot and loses puck.
10:08 of 2nd period - Ryan Nugent-Hopkins is hit by Marc Methot and loses puck.
10:19 of 2nd period - Shot by Mike Richards.
10:19 of 2nd period - Stopped by Kari Lehtonen without a rebound.
10:20 of 2nd period - Dainius Zubrus wins face-off versus Michal Handzus in Oilers zone.
10:20 of 2nd period - Dainius Zubrus is hit by J.T. Brown.
10:25 of 2nd period - Olli Maatta is hit by Deryk Engelland.
10:26 of 2nd period - Minor Penalty to Deryk Engelland for Elbowing.
10:27 of 2nd period - Dainius Zubrus wins face-off versus Michal Handzus in Kings zone.
10:30 of 2nd period - Shot by Dennis Wideman.
10:30 of 2nd period - Stopped by Steve Mason without a rebound.
10:31 of 2nd period - Dainius Zubrus wins face-off versus Michal Handzus in Kings zone.
10:38 of 2nd period - Shot by Charlie Coyle.
10:38 of 2nd period - Stopped by Steve Mason without a rebound.
10:39 of 2nd period - Dainius Zubrus wins face-off versus Michal Handzus in Kings zone.
10:50 of 2nd period - Shot by Jake Muzzin.
10:50 of 2nd period - Stopped by Steve Mason without a rebound.
10:51 of 2nd period - Dainius Zubrus wins face-off versus Michal Handzus in Kings zone.
11:25 of 2nd period - Off-side.
11:26 of 2nd period - Michal Handzus wins face-off versus Travis Zajac in neutral zone.
11:43 of 2nd period - Tyler Myers is hit by Mikkel Boedker and loses puck.
11:54 of 2nd period - Shot by Mikkel Boedker.
11:54 of 2nd period - Stopped by Steve Mason without a rebound.
11:55 of 2nd period - Michal Handzus wins face-off versus Dainius Zubrus in Kings zone.
12:06 of 2nd period - Shot by Marc Methot.
12:06 of 2nd period - Stopped by Steve Mason without a rebound.
12:07 of 2nd period - Mikkel Boedker wins face-off versus Michal Handzus in Kings zone.
12:14 of 2nd period - Shot by Mats Zuccarello.
12:14 of 2nd period - Shot Misses the Net.
12:35 of 2nd period - Icing by Jamie McBain.
12:36 of 2nd period - Brooks Laich wins face-off versus Ryan Nugent-Hopkins in Kings zone.
13:01 of 2nd period - Shot by Mike Richards.
13:01 of 2nd period - Goal by Mike Richards - Kings : 3 - Oilers : 3.
13:02 of 2nd period - Mikael Granlund wins face-off versus Travis Zajac in neutral zone.
13:10 of 2nd period - Icing by Marc Methot.
13:11 of 2nd period - Travis Zajac wins face-off versus Dustin Penner in Oilers zone.
14:52 of 2nd period - Off-side.
14:53 of 2nd period - Aleksander Barkov wins face-off versus Ryan Nugent-Hopkins in neutral zone.
14:59 of 2nd period - Icing by Robyn Regehr.
15:00 of 2nd period - Ryan Nugent-Hopkins wins face-off versus Mats Zuccarello in Kings zone.
15:25 of 2nd period - Shot by Ryan Nugent-Hopkins.
15:25 of 2nd period - Shot Blocked by Olli Maatta.
15:39 of 2nd period - Shot by Mikkel Boedker.
15:39 of 2nd period - Stopped by Steve Mason without a rebound.
15:40 of 2nd period - Mikael Granlund wins face-off versus Dainius Zubrus in Kings zone.
16:27 of 2nd period - Minor Penalty to Rene Bourque for Holding.
16:28 of 2nd period - Travis Zajac wins face-off versus Michal Handzus in Kings zone.
16:51 of 2nd period - Shot by Dennis Wideman.
16:51 of 2nd period - Goal by Dennis Wideman - Kings : 3 - Oilers : 4.
16:52 of 2nd period - Aleksander Barkov wins face-off versus Ryan Nugent-Hopkins in neutral zone.
17:02 of 2nd period - Drew Miller is hit by Robyn Regehr and loses puck.
17:09 of 2nd period - Shot by Nikolai Kulemin.
17:09 of 2nd period - Shot Misses the Net.
17:11 of 2nd period - Shot by Nikolai Kulemin.
17:11 of 2nd period - Deflect By Aleksander Barkov.
17:11 of 2nd period - Shot Misses the Net.
17:13 of 2nd period - Shot by Martin Marincin.
17:13 of 2nd period - Stopped by Steve Mason without a rebound.
17:14 of 2nd period - Travis Zajac wins face-off versus Michal Handzus in Kings zone.
17:14 of 2nd period - Mikkel Boedker is hit by Tyler Myers and loses puck.
17:29 of 2nd period - Brian Campbell is hit by Nate Thompson and loses puck.
17:34 of 2nd period - Shot by J.T. Brown.
17:34 of 2nd period - Shot Blocked by Brian Campbell.
17:36 of 2nd period - Shot by J.T. Brown.
17:36 of 2nd period - Stopped by Kari Lehtonen with a rebound.
17:38 of 2nd period - Shot by Tyler Myers.
17:38 of 2nd period - Shot Misses the Net.
17:40 of 2nd period - Shot by Tyler Myers.
17:40 of 2nd period - Stopped by Kari Lehtonen without a rebound.
17:41 of 2nd period - Dainius Zubrus wins face-off versus Sean Monahan in Oilers zone.
17:50 of 2nd period - Jake Muzzin is hit by Ryan Nugent-Hopkins.
18:05 of 2nd period - Shot by Sean Monahan.
18:05 of 2nd period - Shot Misses the Net.
18:17 of 2nd period - Shot by Dennis Wideman.
18:17 of 2nd period - Shot Hit the Post.
18:20 of 2nd period - Charlie Coyle is hit by Robyn Regehr.
18:48 of 2nd period - Shot by Mats Zuccarello.
18:48 of 2nd period - Shot Misses the Net.
18:51 of 2nd period - Minor Penalty to Robyn Regehr for Tripping.
18:52 of 2nd period - Michal Handzus wins face-off versus Travis Zajac in Kings zone.
18:52 of 2nd period - Michal Handzus is hit by Mikkel Boedker.
19:22 of 2nd period - Michal Handzus is hit by Mats Zuccarello and loses puck.
19:27 of 2nd period - Shot by Brian Campbell.
19:27 of 2nd period - Stopped by Steve Mason without a rebound.
19:28 of 2nd period - Michal Handzus wins face-off versus Dainius Zubrus in Kings zone.
Goals for this period are 1 for Kings vs 1 for Oilers.
Shots for this period are 6 for Kings vs 13 for Oilers.

3rd period


0:01 of 3rd period - Dainius Zubrus wins face-off versus Michal Handzus in neutral zone.
0:19 of 3rd period - Shot by Marc Methot.
0:19 of 3rd period - Shot Misses the Net.
0:21 of 3rd period - Shot by Brooks Laich.
0:21 of 3rd period - Stopped by Steve Mason with a rebound.
0:23 of 3rd period - Shot by Dainius Zubrus.
0:23 of 3rd period - Shot Misses the Net.
0:25 of 3rd period - Shot by Dainius Zubrus.
0:25 of 3rd period - Stopped by Steve Mason without a rebound.
0:26 of 3rd period - Michal Handzus wins face-off versus Travis Zajac in Kings zone.
0:26 of 3rd period - Michal Handzus is hit by Travis Zajac.
0:46 of 3rd period - Shot by Mikkel Boedker.
0:46 of 3rd period - Shot Misses the Net.
0:48 of 3rd period - Shot by Jake Muzzin.
0:48 of 3rd period - Shot Misses the Net.
0:50 of 3rd period - Shot by Dennis Wideman.
0:50 of 3rd period - Shot Misses the Net.
0:52 of 3rd period - Shot by Martin Marincin.
0:52 of 3rd period - Shot Misses the Net.
0:54 of 3rd period - Shot by Olli Maatta.
0:54 of 3rd period - Shot Blocked by Robyn Regehr.
0:56 of 3rd period - Shot by Olli Maatta.
0:56 of 3rd period - Shot Misses the Net.
0:58 of 3rd period - Shot by Martin Marincin.
0:58 of 3rd period - Shot Blocked by Tobias Enstrom.
1:00 of 3rd period - Shot by Olli Maatta.
1:00 of 3rd period - Goal by Olli Maatta - Kings : 3 - Oilers : 5.
1:01 of 3rd period - Brooks Laich wins face-off versus Mikhail Grabovski in neutral zone.
1:14 of 3rd period - Marc Methot is hit by Dustin Penner and loses puck.
1:23 of 3rd period - Shot by Dainius Zubrus.
1:23 of 3rd period - Stopped by Steve Mason without a rebound.
1:24 of 3rd period - Travis Zajac wins face-off versus Ryan Nugent-Hopkins in Kings zone.
1:35 of 3rd period - Shot by Travis Zajac.
1:35 of 3rd period - Deflect By Mats Zuccarello.
1:35 of 3rd period - Shot Misses the Net.
1:37 of 3rd period - Shot by Mats Zuccarello.
1:37 of 3rd period - Stopped by Steve Mason without a rebound.
1:38 of 3rd period - Mikael Granlund wins face-off versus Dainius Zubrus in Kings zone.
1:43 of 3rd period - Brooks Laich is hit by Rene Bourque and loses puck.
1:59 of 3rd period - Minor Penalty to Rene Bourque for Holding Stick.
2:00 of 3rd period - Travis Zajac wins face-off versus Michal Handzus in Kings zone.
2:53 of 3rd period - Jake Muzzin is hit by Tyler Myers and loses puck.
3:19 of 3rd period - Off-side.
3:20 of 3rd period - Dainius Zubrus wins face-off versus Mikhail Grabovski in neutral zone.
3:23 of 3rd period - Shot by Brian Campbell.
3:23 of 3rd period - Shot Misses the Net.
3:25 of 3rd period - Shot by Dainius Zubrus.
3:25 of 3rd period - Shot Blocked by Robyn Regehr.
3:27 of 3rd period - Shot by Marc Methot.
3:27 of 3rd period - Shot Blocked by Tyler Myers.
3:29 of 3rd period - Shot by Dainius Zubrus.
3:29 of 3rd period - Shot Misses the Net.
3:31 of 3rd period - Shot by Brooks Laich.
3:31 of 3rd period - Goal by Brooks Laich - Kings : 3 - Oilers : 6.
3:32 of 3rd period - Ryan Nugent-Hopkins wins face-off versus Aleksander Barkov in neutral zone.
3:53 of 3rd period - Olli Maatta is hit by Ryan Nugent-Hopkins and loses puck.
4:16 of 3rd period - Icing by Nikolai Kulemin.
4:17 of 3rd period - Mikael Granlund wins face-off versus Aleksander Barkov in Oilers zone.
4:22 of 3rd period - Shot by Kris Letang.
4:22 of 3rd period - Deflect By Brian Gionta.
4:22 of 3rd period - Stopped by Kari Lehtonen without a rebound.
4:23 of 3rd period - Travis Zajac wins face-off versus Mikael Granlund in Oilers zone.
4:28 of 3rd period - Shot by Mikkel Boedker.
4:28 of 3rd period - Deflect By Mats Zuccarello.
4:28 of 3rd period - Stopped by Steve Mason with a rebound.
4:48 of 3rd period - Shot by Brian Gionta.
4:48 of 3rd period - Shot Misses the Net.
5:21 of 3rd period - Travis Zajac is hit by Robyn Regehr and loses puck.
5:47 of 3rd period - Shot by Dustin Penner.
5:47 of 3rd period - Stopped by Kari Lehtonen without a rebound.
5:48 of 3rd period - Ryan Nugent-Hopkins wins face-off versus Dainius Zubrus in Oilers zone.
5:52 of 3rd period - Ryan Nugent-Hopkins is hit by Jake Muzzin and loses puck.
6:47 of 3rd period - Shot by Aleksander Barkov.
6:47 of 3rd period - Deflect By Nikolai Kulemin.
6:47 of 3rd period - Shot Misses the Net.
7:03 of 3rd period - Shot by Nikolai Kulemin.
7:03 of 3rd period - Stopped by Steve Mason without a rebound.
7:04 of 3rd period - Colin McDonald wins face-off versus Mikael Granlund in Kings zone.
7:04 of 3rd period - Travis Zajac is hit by Tyler Myers and loses puck.
7:43 of 3rd period - Mikael Granlund is hit by Olli Maatta and loses puck.
8:16 of 3rd period - Shot by Dustin Penner.
8:16 of 3rd period - Stopped by Kari Lehtonen without a rebound.
8:17 of 3rd period - Dainius Zubrus wins face-off versus Michal Handzus in Oilers zone.
8:24 of 3rd period - Shot by Michal Handzus.
8:24 of 3rd period - Shot Misses the Net.
8:32 of 3rd period - Shot by Michal Handzus.
8:32 of 3rd period - Stopped by Kari Lehtonen without a rebound.
8:33 of 3rd period - Mikhail Grabovski wins face-off versus Aleksander Barkov in Oilers zone.
9:30 of 3rd period - Icing by Tobias Enstrom.
9:31 of 3rd period - Dainius Zubrus wins face-off versus Ryan Nugent-Hopkins in Kings zone.
9:31 of 3rd period - Brooks Laich is hit by Robyn Regehr.
9:35 of 3rd period - Shot by Charlie Coyle.
9:35 of 3rd period - Shot Blocked by Robyn Regehr.
9:37 of 3rd period - Shot by Dainius Zubrus.
9:37 of 3rd period - Stopped by Steve Mason without a rebound.
9:38 of 3rd period - Ryan Nugent-Hopkins wins face-off versus Brooks Laich in Kings zone.
9:38 of 3rd period - Ryan Nugent-Hopkins is hit by Brooks Laich.
10:58 of 3rd period - Shot by Mikkel Boedker.
10:58 of 3rd period - Shot Blocked by Tobias Enstrom.
11:56 of 3rd period - Shot by Nikolai Kulemin.
11:56 of 3rd period - Stopped by Steve Mason without a rebound.
11:57 of 3rd period - Mikael Granlund wins face-off versus Dainius Zubrus in Kings zone.
12:24 of 3rd period - Shot by Mikael Granlund.
12:24 of 3rd period - Deflect By Brian Gionta.
12:24 of 3rd period - Shot Blocked by Marc Methot.
12:26 of 3rd period - Shot by Mikael Granlund.
12:26 of 3rd period - Shot Misses the Net.
12:41 of 3rd period - Minor Penalty to Marc Methot for Hooking.
12:42 of 3rd period - Ryan Smyth wins face-off versus Travis Zajac in Oilers zone.
12:59 of 3rd period - Shot by Mikael Granlund.
12:59 of 3rd period - Stopped by Kari Lehtonen without a rebound.
13:00 of 3rd period - Brooks Laich wins face-off versus Mikael Granlund in Oilers zone.
13:09 of 3rd period - Shot by Tyler Myers.
13:09 of 3rd period - Goal by Tyler Myers - Kings : 4 - Oilers : 6.
13:10 of 3rd period - Michal Handzus wins face-off versus Aleksander Barkov in neutral zone.
13:31 of 3rd period - Shot by Nikolai Kulemin.
13:31 of 3rd period - Shot Misses the Net.
13:33 of 3rd period - Shot by Jake Muzzin.
13:33 of 3rd period - Stopped by Steve Mason without a rebound.
13:34 of 3rd period - Travis Zajac wins face-off versus Mikhail Grabovski in Kings zone.
13:49 of 3rd period - Shot by Mikhail Grabovski.
13:49 of 3rd period - Stopped by Kari Lehtonen without a rebound.
13:50 of 3rd period - Michal Handzus wins face-off versus Dainius Zubrus in Oilers zone.
13:53 of 3rd period - Shot by J.T. Brown.
13:53 of 3rd period - Shot Blocked by Dainius Zubrus.
14:25 of 3rd period - Shot by Dainius Zubrus.
14:25 of 3rd period - Goal by Dainius Zubrus - Kings : 4 - Oilers : 7.
14:26 of 3rd period - Mikael Granlund wins face-off versus Travis Zajac in neutral zone.
14:38 of 3rd period - Off-side.
14:39 of 3rd period - Ryan Nugent-Hopkins wins face-off versus Aleksander Barkov in neutral zone.
14:42 of 3rd period - Shot by Mike Richards.
14:42 of 3rd period - Shot Misses the Net.
14:59 of 3rd period - Icing by Martin Marincin.
15:00 of 3rd period - Mikael Granlund wins face-off versus Aleksander Barkov in Oilers zone.
15:56 of 3rd period - Off-side.
15:57 of 3rd period - Dainius Zubrus wins face-off versus Ryan Nugent-Hopkins in neutral zone.
16:08 of 3rd period - Shot by Charlie Coyle.
16:08 of 3rd period - Shot Misses the Net.
16:10 of 3rd period - Shot by Dennis Wideman.
16:10 of 3rd period - Stopped by Steve Mason without a rebound.
16:11 of 3rd period - Mikhail Grabovski wins face-off versus Travis Zajac in Kings zone.
17:19 of 3rd period - Off-side.
17:20 of 3rd period - Ryan Nugent-Hopkins wins face-off versus Dainius Zubrus in neutral zone.
17:20 of 3rd period - Tobias Enstrom is hit by Dainius Zubrus and loses puck.
17:26 of 3rd period - Minor Penalty to Jake Muzzin for High sticking.
17:27 of 3rd period - Ryan Nugent-Hopkins wins face-off versus Brooks Laich in Oilers zone.
18:25 of 3rd period - Travis Zajac is hit by Dustin Penner and loses puck.
18:50 of 3rd period - Shot by Jamie McBain.
18:50 of 3rd period - Shot Blocked by Martin Marincin.
18:52 of 3rd period - Shot by Jamie McBain.
18:52 of 3rd period - Stopped by Kari Lehtonen without a rebound.
18:53 of 3rd period - Brooks Laich wins face-off versus Ryan Nugent-Hopkins in Oilers zone.
19:56 of 3rd period - Shot by Olli Maatta.
19:56 of 3rd period - Shot Misses the Net.
Goals for this period are 1 for Kings vs 3 for Oilers.
Shots for this period are 8 for Kings vs 13 for Oilers.


Output by the SimonT Hockey Simulator (STHS) for Stephane Roy -- Original Page W3C XHTML 1.0 Valid
Hockey Simulator - Hockey Simulation - Hockey Manager